 Dungeon Crawl Stone Soup version 0.23.2-40-g277498a001 (webtiles) character file.

Game seed: 8021883979287131372

239 Bodigarde the Charmwright (level 6, -2/50 HPs)
             Began as a Gnoll Skald on Aug 27, 2019.
             Splashed by Ijyb's acid (12 damage)
             ... on level 4 of the Dungeon.
             The game lasted 00:15:26 (3569 turns).

Bodigarde the Charmwright (Gnoll Skald)             Turns: 3569, Time: 00:15:27

Health: -2/50      AC:  5    Str: 14    XL:     6   Next: 7%
Magic:  11/13      EV: 14    Int: 17    God:
Gold:   151        SH:  0    Dex: 14    Spells: 6/15 levels left

rFire    . . .     SeeInvis .   a - +0 mace
rCold    . . .     Gourm    .   (no shield)
rNeg     . . .     Faith    .   h - +0 leather armour
rPois    .         Spirit   .   l - +0 helmet
rElec    .         Reflect  .   (no cloak)
rCorr    .         Harm     .   q - +0 pair of gloves
MR       .....                  (no boots)
Stlth    ++........             (no amulet)
HPRegen  0.16/turn              (no ring)
MPRegen  0.13/turn              (no ring)

@: no status effects
A: distributed training, fangs 1, strong nose
a: no special abilities


You were on level 4 of the Dungeon.
You were not hungry.

You visited 2 branches of the dungeon, and saw 5 of its levels.

You collected 151 gold pieces.

Inventory:

Hand Weapons
 a - a +0 mace (weapon)
 b - a +0 war axe
 c - a +1 hunting sling of velocity
 i - a +0 hunting sling
 u - a +0 spear
 w - a +1 mace of protection
Missiles
 f - 60 stones (quivered)
 j - 13 sling bullets
Armour
 h - a +0 leather armour (worn)
 l - a +0 helmet (worn)
 q - a +0 pair of gloves (worn)
Jewellery
 p - an uncursed amulet of faith {unknown}
 r - a +5 ring of dexterity {unknown}
 s - an uncursed ring of resist corrosion {unknown}
 t - an uncursed ring of fire {unknown}
Scrolls
 g - a scroll of fog
 k - a scroll of teleportation
 m - a scroll of remove curse {unknown}
 v - a scroll of magic mapping {unknown}
Potions
 e - a potion of ambrosia
 n - a potion of heal wounds
 o - a potion of haste
 x - a potion of lignification {unknown}
Comestibles
 d - 9 rations


   Skills:
 + Level 4.9 Fighting
 + Level 1.7 Short Blades
 + Level 1.7 Long Blades
 + Level 1.7 Axes
 + Level 4.9 Maces & Flails
 + Level 1.7 Polearms
 + Level 1.7 Staves
 + Level 1.7 Slings
 + Level 1.7 Bows
 + Level 1.7 Crossbows
 + Level 1.7 Throwing
 + Level 3.1 Armour
 + Level 4.9 Dodging
 + Level 1.7 Stealth
 + Level 1.7 Shields
 + Level 1.7 Unarmed Combat
 + Level 5.3 Spellcasting
 + Level 1.3 Conjurations
 + Level 1.3 Hexes
 + Level 5.6 Charms
 + Level 1.3 Summonings
 + Level 1.3 Necromancy
 + Level 1.3 Translocations
 + Level 1.3 Transmutations
 + Level 1.3 Fire Magic
 + Level 1.3 Ice Magic
 + Level 1.3 Air Magic
 + Level 1.3 Earth Magic
 + Level 1.3 Poison Magic
 + Level 2.0 Invocations
 + Level 1.7 Evocations


You had 6 spell levels left.
You knew the following spells:

 Your Spells              Type           Power        Failure   Level  Hunger
a - Infusion              Chrm           ###.         1%          1    None
b - Shroud of Golubria    Chrm/Tloc      ###.......   6%          2    #......
c - Spectral Weapon       Hex/Chrm       ###.....     12%         3    ##.....
d - Regeneration          Chrm/Necr      ###.......   12%         3    ##.....

Your spell library contained the following spells:

 Spells                   Type           Power        Failure   Level  Hunger
 Song of Slaying          Chrm           ###.....     2%          2    #......


Dungeon Overview and Level Annotations

Branches:
Dungeon (4/15)             Temple (1/1) D:4

Altars:
Cheibriados
Dithmenos
Elyvilon
Hepliaklqana
Kikubaaqudgha
Qazlal
Ru
Uskayaw
Vehumet
Wu Jian
Xom
Zin
The Shining One

Annotations:
D:4 Ijyb


Innate Abilities, Weirdness & Mutations

Your experience applies equally to all skills.
You have very sharp teeth.
Your uncanny sense of smell can sniff out nearby items.


Message History

Casting: Infusion (safe; 1% risk of failure)
Confirm with . or Enter, or press ? or * to list all spells.
You draw out your weapon's spirit!
You barely miss Ijyb. Ijyb hits you but does no damage. Ijyb barely misses you.
You hit Ijyb.
Ijyb is moderately wounded.
Ijyb zaps a wand.
The bolt of acid hits you!
You are splashed with acid!
Ijyb screams, "No!
No, no, no, no!"
Ijyb closely misses your spectral weapon.
Ijyb hits your spectral weapon with a +2 dagger of pain.
Your spectral weapon shares its damage with you!
Ijyb zaps a wand.
The bolt of acid hits your spectral weapon!
Your spectral weapon is splashed with acid.
Your spectral weapon shares its damage with you! x2
Your spectral weapon fades away.
The bolt of acid hits you!
* * * LOW HITPOINT WARNING * * *
You are splashed with acid!
You die...

...#### .. ....#. # # .....
#. #...# . #..## ##...##
.#..... ## .....# #.. #.
.#.###. #....## ##.# ##
...#...##.....#####..# ###
.....##g.@...........###..
..................#.......
..........................
...................[......
........................#.
........................#.
...........................
...........................
...........................


You could see Ijyb.

Vanquished Creatures
  A scorpion (D:4)
  An orc priest (D:4)
  3 gnolls (D:4)
  7 adders
  3 dart slugs
  2 leopard geckos
  An orc (D:3)
  10 bats
  A giant cockroach (D:1)
  10 hobgoblins
  8 kobolds
  3 quokkas (D:2)
  A ball python (D:4)
  4 frilled lizards
  6 goblins
  10 rats
71 creatures vanquished.

Vanquished Creatures (others)
  A spectral weapon (D:4)
  5 toadstools (D:1)
6 creatures vanquished.

Grand Total: 77 creatures vanquished

Notes
Turn   | Place    | Note
-------+----------+-------------------------------------------
     0 | D:1      | Bodigarde the Gnoll Skald began the quest for the Orb.
     0 | D:1      | Reached XP level 1. HP: 20/20 MP: 6/6
   108 | D:1      | Reached XP level 2. HP: 26/26 MP: 3/7
   560 | D:1      | Reached XP level 3. HP: 31/31 MP: 9/9
   565 | D:1      | Learned a level 2 spell: Shroud of Golubria
   569 | D:1      | Learned a level 3 spell: Spectral Weapon
   573 | D:1      | Learned a level 3 spell: Regeneration
   645 | D:1      | Reached skill level 5 in Spellcasting
  1269 | D:2      | Reached skill level 1 in Invocations
  1759 | D:3      | Found a shimmering altar of Xom.
  1874 | D:3      | Reached skill level 1 in Short Blades
  1874 | D:3      | Reached skill level 1 in Long Blades
  1874 | D:3      | Reached skill level 1 in Axes
  1874 | D:3      | Reached skill level 1 in Polearms
  1874 | D:3      | Reached skill level 1 in Staves
  1874 | D:3      | Reached skill level 1 in Slings
  1874 | D:3      | Reached skill level 1 in Bows
  1874 | D:3      | Reached skill level 1 in Crossbows
  1874 | D:3      | Reached skill level 1 in Throwing
  1874 | D:3      | Reached skill level 1 in Stealth
  1874 | D:3      | Reached skill level 1 in Shields
  1874 | D:3      | Reached skill level 1 in Unarmed Combat
  1874 | D:3      | Reached skill level 1 in Evocations
  1874 | D:3      | Reached XP level 4. HP: 31/38 MP: 6/11
  2215 | D:3      | Reached skill level 1 in Conjurations
  2215 | D:3      | Reached skill level 1 in Hexes
  2215 | D:3      | Reached skill level 1 in Summonings
  2215 | D:3      | Reached skill level 1 in Necromancy
  2215 | D:3      | Reached skill level 1 in Translocations
  2215 | D:3      | Reached skill level 1 in Transmutations
  2215 | D:3      | Reached skill level 1 in Fire Magic
  2215 | D:3      | Reached skill level 1 in Ice Magic
  2215 | D:3      | Reached skill level 1 in Air Magic
  2215 | D:3      | Reached skill level 1 in Earth Magic
  2215 | D:3      | Reached skill level 1 in Poison Magic
  2483 | D:4      | Reached XP level 5. HP: 39/43 MP: 6/12
  3109 | D:4      | Found a staircase to the Ecumenical Temple.
  3217 | D:4      | Reached XP level 6. HP: 50/50 MP: 7/13
  3228 | Temple   | Entered the Ecumenical Temple
  3522 | D:4      | Found a hazy altar of Hepliaklqana.
  3558 | D:4      | Noticed Ijyb
  3569 | D:4      | Splashed by Ijyb's acid

Skill      XL: |  1  2  3  4  5  6 |
---------------+-------------------+-----
Spellcasting   | 5 |  5.3
Invocations    | 1 2 |  2.0
Short Blades   | 1 |  1.7
Long Blades    | 1 |  1.7
Axes           | 1 |  1.7
Polearms       | 1 |  1.7
Staves         | 1 |  1.7
Slings         | 1 |  1.7
Bows           | 1 |  1.7
Crossbows      | 1 |  1.7
Throwing       | 1 |  1.7
Stealth        | 1 |  1.7
Shields        | 1 |  1.7
Unarmed Combat | 1 |  1.7
Evocations     | 1 |  1.7
Conjurations   | 1 |  1.3
Hexes          | 1 |  1.3
Summonings     | 1 |  1.3
Necromancy     | 1 |  1.3
Translocations | 1 |  1.3
Transmutations | 1 |  1.3
Fire Magic     | 1 |  1.3
Ice Magic      | 1 |  1.3
Air Magic      | 1 |  1.3
Earth Magic    | 1 |  1.3
Poison Magic   | 1 |  1.3
Armour         | 3 |  3.1
Fighting       | |  4.9
Maces & Flails | |  4.9
Dodging        | |  4.9
Charms         | |  5.6

Action                   |  1- 3 |  4- 6 || total
-------------------------+-------+-------++-------
Melee: Mace              |   117 |    74 ||   191
       Bite              |     4 |     4 ||     8
 Cast: Infusion          |     4 |     5 ||     9
       Spectral Weapon   |       |     5 ||     5
       Shroud of Golubri |       |     1 ||     1
  Use: Scroll            |     1 |     4 ||     5
 Stab: Sleeping          |     1 |     5 ||     6
       Distracted        |       |     1 ||     1
  Eat: Chunk             |     3 |     6 ||     9
Armor: Leather armour    |    28 |    20 ||    48
Dodge: Dodged            |   103 |    52 ||   155
